[Event "Team 45 45 League T52"]
[Site "Internet Chess Club"]
[Date "2012.02.19"]
[Round "1"]
[White "DreamCatcher13"]
[Black "L0-VE"]
[Result "0-1"]
[WhiteElo "1902"]
[BlackElo "1942"]
[Opening "Caro-Kann: classical, Spassky variation"]
[ECO "B19"]
[Time "17:21:09"]
[TimeControl "2700+45"]

1. e4 c6 2. d4 d5 3. Nc3 dxe4 4. Nxe4 Bf5 5. Ng3 Bg6 6. h4 h6 7. Nf3 Nd7 8. h5
Bh7 9. Bd3 Bxd3 10. Qxd3 e6 11. Bf4 Qa5+ 12. c3 Ngf6 13. a4 Nd5 14. Bd2 Bd6 15.
Ne4 Qc7 16. Nxd6+ Qxd6 17. Be3 Nxe3 18. Qxe3 Nf6 19. Ne5 a5 20. Nc4 Qd5 21. Qe2
Qxg2 22. O-O-O O-O 23. Rdg1 Qe4 24. Qd2 Kh7 25. Rh2 Nd5 26. Rhg2 Rg8 27. Rg4 Qf3
28. Ne5 Qf5 29. Qe2 b5 30. axb5 cxb5 31. Qxb5 Qxf2 32. Qd3+ f5 33. Rg6 Nf4 34.
Qd2 Qxd2+ 35. Kxd2 a4 36. Rf1 Nxh5 37. Rxe6 Ng3 38. Rf3 Ne4+ 39. Ke3 Ng5 40. Re7
Nxf3 41. Kxf3 a3 42. bxa3 Rxa3 43. Nd7 Rxc3+ 44. Kf4 Rgc8 45. Kxf5 R3c7 46. d5
Rc4 47. d6 Kg8 48. Ne5 Rf8+ 49. Ke6 Rd4 50. Nd7 Rd8 51. Ke5 Rd1 52. Ke6 h5 53.
Nf6+ gxf6 54. d7 R1xd7 {White resigns} 0-1

[Event "Team 45 45 League T52"]
[Site "Internet Chess Club"]
[Date "2012.02.18"]
[Round "1"]
[White "Paulkov"]
[Black "Horoblitz"]
[Result "1-0"]
[WhiteElo "2353"]
[BlackElo "2120"]
[Opening "Sicilian: accelerated fianchetto, Maróczy bind"]
[ECO "B36"]
[Time "12:01:52"]
[TimeControl "2700+45"]

1. e4 c5 2. Nf3 g6 3. d4 cxd4 4. Nxd4 Nc6 5. c4 Nf6 6. Nc3 d6 7. Be2 Nxd4 8.
Qxd4 Bg7 9. Bg5 O-O 10. Qd2 Be6 11. Rc1 Qa5 12. O-O Rfc8 13. b3 a6 14. Qe3 Rc5
15. f4 Re8 16. h3 b5 17. e5 Nd7 18. Ne4 Rcc8 19. cxb5 axb5 20. exd6 Rxc1 21.
Rxc1 Qb4 22. Rd1 f5 23. Qd2 Qxd2 24. Nxd2 exd6 25. Bxb5 Ra8 26. Nc4 Rxa2 27.
Rxd6 Nf8 28. Rd8 Ra1+ 29. Kf2 Rb1 30. Ba4 h6 31. Be7 Kf7 32. Bc5 Bxc4 33. bxc4
Ne6 34. Rd7+ Kg8 35. Be3 g5 36. g3 Rb2+ 37. Kf3 Ra2 38. Bc6 Kh8 39. Rd6 {Black
resigns} 1-0

[Event "Team 45 45 League T52"]
[Site "Internet Chess Club"]
[Date "2012.02.17"]
[Round "1"]
[White "Zumbi"]
[Black "BlackHorse"]
[Result "1-0"]
[WhiteElo "2174"]
[BlackElo "2105"]
[Opening "Evans gambit: compromised defense"]
[ECO "C52"]
[Time "18:42:47"]
[TimeControl "2700+45"]

1. e4 e5 2. Nf3 Nc6 3. Bc4 Bc5 4. b4 Bxb4 5. c3 Ba5 6. d4 exd4 7. O-O dxc3 8.
Qb3 Qf6 9. e5 Qf5 10. Nxc3 Nge7 11. Ba3 O-O 12. Rad1 Bb6 13. Nd5 Nxd5 14. Rxd5
Re8 15. e6 Qxe6 16. Rg5 d5 17. Bxd5 Qf6 18. Bb2 Nd4 19. Nxd4 Bxd4 20. Bxd4 Qxg5
21. Bxf7+ Kf8 22. Bxe8 Kxe8 23. Qg8+ Kd7 24. Be3 {Black resigns} 1-0

[Event "Team 45 45 League T52"]
[Site "Internet Chess Club"]
[Date "2012.02.18"]
[Round "1"]
[White "Fezzik"]
[Black "grabuark"]
[Result "0-1"]
[WhiteElo "2109"]
[BlackElo "2128"]
[Opening "King's Indian: orthodox, Aronin-Taimanov, bayonet attack"]
[ECO "E97"]
[Time "22:09:03"]
[TimeControl "2700+45"]

1. d4 Nf6 2. c4 g6 3. Nc3 Bg7 4. e4 d6 5. Be2 O-O 6. Nf3 e5 7. O-O Nc6 8. d5 Ne7
9. b4 c6 10. Nd2 a5 11. bxa5 Qxa5 12. Qc2 c5 13. a4 Qd8 14. Nb3 Ne8 15. Be3 f5
16. f3 Nf6 17. Nb5 Nh5 18. Qd2 Ra6 19. Rfd1 Nf4 20. a5 Bd7 21. Bf1 fxe4 22. fxe4
Nc8 23. Bxc5 dxc5 24. Nxc5 Bg4 25. Re1 Bh6 26. Qc3 Qg5 27. Nxa6 bxa6 28. Nc7
Nh3+ 29. Kh1 Nf2+ 30. Kg1 Nh3+ 31. Kh1 Nf2+ 32. Kg1 Nd6 33. Qc2 Ndxe4 34. Rxe4
Qf5 35. Re2 Nh3+ 36. gxh3 Be3+ 37. Rxe3 Qxc2 38. hxg4 Qf2+ 39. Kh1 Qxe3 40. Bg2
Qc3 41. Rd1 Qxc4 42. d6 Qxg4 43. Rd2 Rb8 {White resigns} 0-1

[Event "Team 45 45 League T52"]
[Site "Internet Chess Club"]
[Date "2012.02.19"]
[Round "1"]
[White "Ptzz"]
[Black "DARKwizard1"]
[Result "1-0"]
[WhiteElo "2071"]
[BlackElo "2066"]
[Opening "Queen's pawn: Lundin (Kevitz-Mikenas) defense"]
[ECO "A40"]
[Time "12:00:36"]
[TimeControl "2700+45"]

1. d4 Nc6 2. Nf3 d6 3. c4 g6 4. e4 Bg7 5. Be3 Nf6 6. d5 Ne5 7. Nxe5 dxe5 8. Nc3
c6 9. dxc6 bxc6 10. Qxd8+ Kxd8 11. O-O-O+ Kc7 12. Bc5 Re8 13. f3 Be6 14. Be2 Nd7
15. Be3 f5 16. Kc2 Bf7 17. Rd2 Red8 18. Rhd1 Nb6 19. b3 Rxd2+ 20. Rxd2 Nd7 21.
Na4 fxe4 22. fxe4 Be6 23. Rd1 Nf6 24. Nc5 Bf7 25. g4 Rd8 26. Rxd8 Kxd8 27. g5
Ne8 28. Na6 Kc8 29. Bg4+ Kb7 30. Nc5+ Kc7 31. Ne6+ Bxe6 32. Bxe6 a6 33. Bg8 h5
34. gxh6 Nf6 35. Bf7 Bh8 36. Bxg6 Ng4 37. Bg5 {Black resigns} 1-0

[Event "Team 45 45 League T52"]
[Site "Internet Chess Club"]
[Date "2012.02.16"]
[Round "1"]
[White "Uwak"]
[Black "chess9793"]
[Result "1-0"]
[WhiteElo "2452"]
[BlackElo "2144"]
[Opening "Sicilian: Nimzovich-Rossolimo attack (with ...g6, without ...d6)"]
[ECO "B31"]
[Time "23:04:04"]
[TimeControl "2700+45"]

1. e4 c5 2. Nf3 Nc6 3. Bb5 g6 4. Bxc6 dxc6 5. h3 Bg7 6. d3 e5 7. Be3 b6 8. a4 a5
9. Na3 Ne7 10. Nc4 Qc7 11. b4 axb4 12. a5 bxa5 13. Bxc5 O-O 14. Bd6 Qd8 15. Bxb4
Be6 16. Bxa5 Qb8 17. Nfd2 Qb5 18. Rb1 Qa6 19. O-O Rfb8 20. Rxb8+ Rxb8 21. Bc7
Rb5 22. Qa1 Qxa1 23. Rxa1 h6 24. Ra8+ Kh7 25. Ra6 Bc8 26. Ra7 Be6 27. Bxe5 Nc8
28. Rc7 Bxe5 29. Nxe5 Rxe5 30. Nf3 Ra5 31. Nd4 Ra7 32. Nxe6 Rxc7 33. Nxc7 Na7
34. d4 Kg7 35. c4 Kf8 36. f4 Ke7 37. Kf2 Kd7 38. Na6 Nc8 39. c5 Ne7 40. g4 f5
41. gxf5 gxf5 42. Ke3 Ke6 43. Nb4 h5 44. Nxc6 Nxc6 45. d5+ Kd7 46. dxc6+ Kxc6
47. exf5 Kxc5 48. Ke4 Kd6 49. h4 Ke7 50. Ke5 Kf7 51. f6 Ke8 52. Ke6 Kf8 53. f7
{Black resigns} 1-0

[Event "Team 45 45 League T52"]
[Site "Internet Chess Club"]
[Date "2012.02.21"]
[Round "1"]
[White "mcorallo"]
[Black "boknoy"]
[Result "1-0"]
[WhiteElo "2061"]
[BlackElo "1958"]
[Opening "Neo-Grünfeld, 5.Nf3"]
[ECO "D73"]
[Time "22:32:59"]
[TimeControl "2700+45"]

1. d4 g6 2. g3 Bg7 3. Bg2 d5 4. Nf3 Nf6 5. c4 c6 6. b3 O-O 7. O-O Bf5 8. Bb2 Be4
9. Nc3 Nbd7 10. Nxe4 Nxe4 11. Qc2 Rc8 12. Nd2 f5 13. Nxe4 dxe4 14. Rad1 e6 15.
f3 exf3 16. exf3 Qb6 17. Rfe1 e5 18. Qf2 Qa5 19. dxe5 Nxe5 20. c5 Nd3 21. Rxd3
Bxb2 22. b4 Qb5 23. Bf1 Bf6 24. a3 Qc4 25. Rd7 Qc3 26. Re3 Qa1 27. Kg2 Rcd8 28.
Bc4+ Kh8 29. Rxb7 Rd4 30. Ba2 Rfd8 31. Kh3 Rd2 32. Qxd2 {Black resigns} 1-0

[Event "Team 45 45 League T52"]
[Site "Internet Chess Club"]
[Date "2012.02.19"]
[Round "1"]
[White "screamingeagle"]
[Black "gaibo4ever"]
[Result "1-0"]
[WhiteElo "2023"]
[BlackElo "2061"]
[Opening "Sicilian: closed, 6.Be3"]
[ECO "B26"]
[Time "16:03:23"]
[TimeControl "2700+45"]

1. e4 c5 2. Nc3 Nc6 3. g3 g6 4. Bg2 Bg7 5. d3 d6 6. Be3 Rb8 7. Nge2 b5 8. Qd2
Nd4 9. h3 h5 10. f4 e6 11. O-O Ne7 12. Rae1 O-O 13. Nc1 b4 14. Nd1 d5 15. c3
bxc3 16. bxc3 dxe4 17. dxe4 Nb5 18. Qxd8 Rxd8 19. Bxc5 Nc6 20. e5 Na5 21. a4 Nb7
22. Bxb7 Rxb7 23. axb5 Rxb5 24. Bxa7 Ba6 25. Rf2 Bf8 26. Ra2 Rb1 27. Rxa6 Rxc1
28. Bd4 Bb4 29. Kf2 Rxd1 30. Rxd1 Bxc3 31. Rd6 {Black resigns} 1-0

[Event "Team 45 45 League T52"]
[Site "Internet Chess Club"]
[Date "2012.02.18"]
[Round "1"]
[White "wilson97"]
[Black "loudoun"]
[Result "0-1"]
[WhiteElo "1859"]
[BlackElo "1620"]
[Opening "Sicilian: Scheveningen (Paulsen), classical variation"]
[ECO "B84"]
[Time "22:36:30"]
[TimeControl "2700+45"]

1. e4 c5 2. Nf3 d6 3. d4 cxd4 4. Nxd4 Nf6 5. Nc3 a6 6. Be2 e6 7. O-O Be7 8. Be3
O-O 9. Kh1 Nc6 10. f4 Bd7 11. Qd2 Qc7 12. Rad1 Rac8 13. Nf3 Be8 14. Ng5 b5 15.
a3 Na5 16. f5 Nc4 17. Bxc4 Qxc4 18. fxe6 fxe6 19. Qd4 Qxd4 20. Bxd4 Bd7 21. e5
Ng4 22. Rxf8+ Rxf8 23. Nf3 Bc6 24. exd6 Bxd6 25. Bxg7 Rxf3 26. Bd4 Nf2+ {White
resigns} 0-1

[Event "Team 45 45 League T52"]
[Site "Internet Chess Club"]
[Date "2012.02.19"]
[Round "1"]
[White "sibirica"]
[Black "King-Ghost"]
[Result "1/2-1/2"]
[WhiteElo "2314"]
[BlackElo "2160"]
[Opening "French: Winawer, advance, Bogolyubov variation"]
[ECO "C17"]
[Time "19:00:33"]
[TimeControl "2700+45"]

1. e4 e6 2. d4 d5 3. Nc3 Bb4 4. e5 c5 5. Bd2 Ne7 6. Nb5 Bxd2+ 7. Qxd2 O-O 8. f4
cxd4 9. Nf3 Nbc6 10. Bd3 f6 11. O-O Qb6 12. Kh1 Bd7 13. exf6 Rxf6 14. Nbxd4 Raf8
15. Nxc6 Nxc6 16. Ng5 g6 17. c4 Qd4 18. cxd5 exd5 19. g3 Nb4 20. Rfd1 Nxd3 21.
Qxd3 Qxd3 22. Rxd3 Bc6 23. Re1 h6 24. Nf3 Kg7 25. Nd4 Kf7 26. Rb3 Re8 27. Rxe8
Kxe8 28. Kg2 Ke7 29. Nxc6+ bxc6 30. Rb7+ Kd6 31. Rxa7 d4 32. Kf3 Re6 33. Ra5 g5
34. f5 Re3+ 35. Kf2 g4 36. b4 Re8 37. f6 d3 38. Ra3 Re2+ 39. Kf1 Ke6 {Game drawn
by mutual agreement} 1/2-1/2

[Event "Team 45 45 League T52"]
[Site "Internet Chess Club"]
[Date "2012.02.19"]
[Round "1"]
[White "BadHabitMarco"]
[Black "zeigmata"]
[Result "1-0"]
[WhiteElo "2195"]
[BlackElo "2230"]
[Opening "Ruy Lopez: Anderssen variation"]
[ECO "C77"]
[Time "16:09:15"]
[TimeControl "2700+45"]

1. e4 e5 2. Nf3 Nc6 3. Bb5 a6 4. Ba4 Nf6 5. d3 d6 6. c3 Be7 7. Nbd2 O-O 8. Nf1
b5 9. Bc2 d5 10. Qe2 Re8 11. Ng3 Bf8 12. Bg5 h6 13. Bxf6 Qxf6 14. exd5 Ne7 15.
O-O Nxd5 16. Qe4 Bb7 17. d4 g6 18. dxe5 Qb6 19. Qd4 Bg7 20. Rfe1 Re6 21. Ne4 Bf8
22. Rad1 c5 23. Qd2 Rae8 24. h4 Qc7 25. h5 g5 26. Nexg5 hxg5 27. Qxg5+ Bg7 28.
Bf5 Rh6 29. Be4 Nb6 30. Bxb7 Qxb7 31. Nh4 Qe7 32. Qxe7 Rxe7 33. Nf5 Rhe6 34.
Nxe7+ Rxe7 35. f4 Na4 36. Rd2 Bh6 37. g3 c4 38. Re3 Nc5 39. Rd6 Bf8 40. Rc6 Rd7
41. Re2 Rd1+ 42. Kg2 Nd3 43. Rxa6 Bc5 44. e6 fxe6 45. Rexe6 Rd2+ 46. Kf3 Nf2 47.
Ra8+ Kf7 48. Rc6 Rd3+ 49. Kg2 Ne4 50. Rc7+ Kf6 51. Rg8 Kf5 52. Rxc5+ Nxc5 53.
Rg5+ {Black resigns} 1-0

[Event "Team 45 45 League T52"]
[Site "Internet Chess Club"]
[Date "2012.02.18"]
[Round "1"]
[White "qlwqznzn"]
[Black "daniguti"]
[Result "1-0"]
[WhiteElo "2368"]
[BlackElo "1825"]
[Opening "Sicilian: accelerated fianchetto, modern variation"]
[ECO "B34"]
[Time "10:00:34"]
[TimeControl "2700+45"]

1. e4 c5 2. Nf3 g6 3. d4 cxd4 4. Nxd4 Nc6 5. Nc3 Bg7 6. Be3 Nf6 7. Nxc6 bxc6 8.
e5 Ng8 9. f4 Nh6 10. Be2 O-O 11. O-O d6 12. Bf3 Rb8 13. Bxa7 Rxb2 14. Qc1 Rb7
15. Bf2 dxe5 16. Bxc6 Qc7 17. Bxb7 Bxb7 18. Rb1 exf4 19. Rxb7 Qxb7 20. Qxf4 Nf5
21. Ne4 Rc8 22. c4 Qa6 23. c5 Qxa2 24. Ng3 Nxg3 25. hxg3 Qd5 26. Rb1 Be5 27. Qf3
Qd7 28. Rb7 Rc7 29. Rb4 Qd2 30. Re4 Qb2 31. Re2 Qc1+ 32. Re1 Qg5 33. Qd5 {Black
resigns} 1-0

[Event "Team 45 45 League T52"]
[Site "Internet Chess Club"]
[Date "2012.02.18"]
[Round "1"]
[White "TerryMalloy"]
[Black "vnchess"]
[Result "1/2-1/2"]
[WhiteElo "2027"]
[BlackElo "2083"]
[Opening "King's Indian: 5.Be2"]
[ECO "E73"]
[Time "11:11:15"]
[TimeControl "2700+45"]

1. d4 Nf6 2. c4 g6 3. Nc3 Bg7 4. e4 d6 5. Be2 c5 6. Nf3 O-O 7. O-O cxd4 8. Nxd4
Nc6 9. Be3 Bd7 10. Nc2 Ne5 11. f3 Qa5 12. Rc1 Rfc8 13. b4 Qd8 14. Na3 b6 15. Qd2
a5 16. b5 Rab8 17. Na4 Be6 18. Rc2 Ned7 19. Rfc1 Nc5 20. Nxc5 dxc5 21. Nb1 Qe8
22. Rd1 Rd8 23. Qc1 Rxd1+ 24. Qxd1 Rd8 25. Rd2 Rxd2 26. Qxd2 Qd7 27. Nc3 Qxd2
28. Bxd2 Nd7 29. Nd5 Bxd5 30. exd5 Bd4+ 31. Kf1 f5 32. g4 Kf7 33. Kg2 Kf6 34.
g5+ Ke5 35. Kg3 Kd6 36. f4 Bb2 37. h4 a4 38. h5 Nf8 39. h6 a3 40. Kf3 e6 41.
dxe6 Nxe6 42. Ke3 Nd4 43. Bd1 Kc7 {Game drawn by mutual agreement} 1/2-1/2

[Event "Team 45 45 League T52"]
[Site "Internet Chess Club"]
[Date "2012.02.20"]
[Round "1"]
[White "Morovon23"]
[Black "AugustoCaruso"]
[Result "1/2-1/2"]
[WhiteElo "2319"]
[BlackElo "2174"]
[Opening "Dutch: classical variation"]
[ECO "A96"]
[Time "17:01:35"]
[TimeControl "2700+45"]

1. d4 e6 2. Nf3 f5 3. g3 Nf6 4. Bg2 d6 5. O-O Be7 6. c4 O-O 7. Nc3 Ne4 8. Qc2
Nxc3 9. Qxc3 a5 10. c5 Bf6 11. h4 h6 12. cxd6 cxd6 13. Be3 Nc6 14. Rfd1 Qe8 15.
a3 e5 16. dxe5 dxe5 17. Qb3+ Rf7 18. Rac1 a4 19. Qb5 Be6 20. Nd2 Nd4 21. Qxe8+
Rxe8 22. Bxd4 exd4 23. Nc4 Rd7 24. Nb6 Rd6 25. Nc4 Bxc4 26. Rxc4 Rxe2 27. Rxa4
Rxb2 28. h5 Kf8 29. Rb4 Rxb4 30. axb4 Rb6 31. Rb1 d3 32. Rd1 Rxb4 33. Rxd3 Rb1+
34. Kh2 b5 35. f4 Rb2 36. Kg1 Ke7 37. Bc6 b4 38. Bd7 Kd8 39. Bxf5+ Kc7 40. Kf1
Bc3 41. Re3 Rd2 42. Rd3 Rh2 43. Bg6 Kb6 44. Bf7 Kc5 45. Rd5+ Kc6 46. Rd3 Kb5 47.
Rd6 Rb2 48. Rd5+ Kc6 49. Rd3 Rc2 50. Be6 Kb5 51. Rd5+ Ka4 52. Rd8 Ka3 53. Ra8+
Kb2 54. Rb8 Rh2 55. Bf7 Rd2 56. Rb7 Kc1 57. Rb8 Rd7 58. Bg8 Kc2 59. Ke2 Re7+ 60.
Kf3 Ra7 61. Ke2 Ra3 62. Bh7+ Kc1 63. Bg8 Bd2 64. Kf2 Kd1 65. Rd8 b3 66. Rb8 Kc2
67. Bh7+ Kc1 68. Rc8+ Kd1 69. Rc7 Be1+ 70. Kg2 Ra2+ 71. Kf3 Rf2+ 72. Ke3 Re2+
73. Kf3 Rc2 74. Rxg7 Rc3+ 75. Kg2 Kc1 76. Rg6 b2 77. Rxh6 Bxg3 78. Rf6 Bh4 79.
Re6 Rc7 80. Bg6 Rc3 81. Bh7 Rc7 82. Bg6 Rc3 83. Bh7 Rc7 84. Bg6 {Game drawn by
repetition} 1/2-1/2

[Event "Team 45 45 League T52"]
[Site "Internet Chess Club"]
[Date "2012.02.19"]
[Round "1"]
[White "QueensCounselor"]
[Black "MikeA"]
[Result "1/2-1/2"]
[WhiteElo "2113"]
[BlackElo "2256"]
[Opening "QGD semi-Slav"]
[ECO "D43"]
[Time "16:00:26"]
[TimeControl "2700+45"]

1. d4 d5 2. c4 c6 3. Nf3 Nf6 4. Nc3 e6 5. Bg5 h6 6. Bh4 dxc4 7. e4 g5 8. Bg3 b5
9. Be2 Nxe4 10. Nxe4 f5 11. Nc3 f4 12. Bxf4 gxf4 13. Ne5 Bg7 14. Bh5+ Kf8 15.
Ng6+ Kg8 16. Nxh8 Kxh8 17. O-O Na6 18. Qf3 Nb4 19. Rad1 Nd3 20. Nxb5 Nxb2 21.
Rd2 Na4 22. Nc3 Nxc3 23. Qxc3 Rb8 24. Bf3 Ba6 25. Rfd1 Bb5 26. Qa3 Qd7 27. Qc5
Rd8 28. a4 Bf8 29. Qe5+ Bg7 30. Qxf4 Bxa4 31. Ra1 Bb3 32. Qh4 {Game drawn by
mutual agreement} 1/2-1/2

[Event "Team 45 45 League T52"]
[Site "Internet Chess Club"]
[Date "2012.02.16"]
[Round "1"]
[White "spacecadet"]
[Black "PandorasBox"]
[Result "1-0"]
[WhiteElo "2145"]
[BlackElo "1933"]
[Opening "French: King's Indian attack"]
[ECO "C00"]
[Time "17:12:59"]
[TimeControl "2700+45"]

1. e4 e6 2. d3 c5 3. Nf3 Nc6 4. g3 d5 5. Nbd2 Nf6 6. Bg2 Be7 7. O-O O-O 8. e5
Nd7 9. Re1 Qc7 10. Qe2 b6 11. h4 Bb7 12. c3 Rad8 13. Nf1 d4 14. c4 a6 15. h5 b5
16. b3 b4 17. Bf4 a5 18. N1h2 a4 19. Ng4 Qb6 20. Ng5 Bxg5 21. Bxg5 Ra8 22. h6 g6
23. Qf3 Ncxe5 24. Nf6+ Kh8 25. Qxb7 Qxb7 26. Bxb7 Ra7 27. Be4 Rc8 28. f4 Nc6 29.
Nxd7 Rxd7 30. bxa4 Na5 31. Bf6+ Kg8 32. Bf3 Nb7 33. Bxb7 Rxb7 34. g4 b3 35. Rab1
Rcb8 36. Rxb3 Rxb3 37. axb3 Rxb3 38. Ra1 {Black resigns} 1-0

[Event "Team 45 45 League T52"]
[Site "Internet Chess Club"]
[Date "2012.02.22"]
[Round "1"]
[White "Deckfuel"]
[Black "mcplayerus"]
[Result "1/2-1/2"]
[WhiteElo "1956"]
[BlackElo "1910"]
[Opening "Sicilian: Alapin's variation (2.c3)"]
[ECO "B22"]
[Time "14:00:06"]
[TimeControl "2700+45"]

1. e4 c5 2. c3 d5 3. exd5 Qxd5 4. Nf3 Nf6 5. d4 Bg4 6. Nbd2 Bxf3 7. Qxf3 cxd4 8.
cxd4 e6 9. Bc4 Qxf3 10. Nxf3 Bb4+ 11. Ke2 O-O 12. Ne5 Nc6 13. Nxc6 bxc6 14. a3
Ba5 15. b4 Bb6 16. Bb2 Rfd8 17. Rhd1 Nd5 18. Ba6 Rd6 19. Rac1 Rad8 20. Rc4 Ne7
21. f4 h5 22. Kf3 Nf5 23. Ke4 Rd5 24. Rxc6 Bxd4 25. Bxd4 Nxd4 26. Rdc1 Nxc6 27.
Rxc6 Kf8 28. Rc7 Rd4+ 29. Ke3 R4d7 30. Rc5 g6 31. h3 Rd1 32. Rc7 R8d7 33. Rc8+
Ke7 34. Bb5 Rb7 35. Bc6 Rb6 36. Bf3 Rd8 37. Rc7+ Rd7 38. Rc3 Kd8 39. Bc6 Rd6 40.
b5 a6 41. a4 axb5 42. Bxb5 Rd1 43. Rb3 Rd5 44. Ke4 Kc7 45. Rc3+ Kd6 46. Rc8
Rdxb5 47. axb5 Rxb5 48. Rd8+ Ke7 49. Ra8 Rb4+ 50. Kf3 Rb3+ 51. Kf2 Rd3 52. Ra7+
Rd7 53. Ra3 h4 54. Kf3 f5 55. Ra8 Rd3+ 56. Ke2 Rd4 57. Ke3 Re4+ 58. Kf3 Kf7 59.
Rh8 Ra4 60. Rh7+ Kf6 61. Rxh4 Ra3+ 62. Kf2 Kg7 63. g4 Rb3 64. Kg2 Ra3 65. Kf2
Rd3 66. Kg2 Re3 67. Kf2 Re4 68. Kf3 Ra4 69. gxf5 exf5 70. Kg3 Ra2 71. Kf3 Rh2
72. Kg3 Re2 73. Kf3 Re4 74. Kg3 Ra4 75. Kf3 g5 76. Rh5 Rxf4+ 77. Kg3 Kg6 78. Rh8
Ra4 79. Rg8+ Kh6 80. Rh8+ Kg7 81. Rb8 Ra3+ 82. Kg2 Kg6 83. Rb6+ Kh5 84. Rb5 f4
85. Rb8 Rg3+ 86. Kh2 Re3 87. Kg2 Rg3+ 88. Kh2 Rd3 89. Kg2 Kg6 90. Rg8+ Kf6 91.
Rf8+ Ke5 92. Re8+ Kf5 93. Rf8+ Ke4 94. Re8+ Kd4 95. Rd8+ Ke3 96. Rxd3+ Kxd3 97.
Kf3 Kd4 98. h4 gxh4 99. Kxf4 h3 100. Kg3 h2 101. Kxh2 {Game drawn because
neither player has mating material} 1/2-1/2

[Event "Team 45 45 League T52"]
[Site "Internet Chess Club"]
[Date "2012.02.17"]
[Round "1"]
[White "eurander"]
[Black "lacibacsi"]
[Result "1-0"]
[WhiteElo "2194"]
[BlackElo "2033"]
[Opening "Caro-Kann: Bronstein-Larsen variation"]
[ECO "B16"]
[Time "16:00:33"]
[TimeControl "2700+45"]

1. e4 c6 2. d4 d5 3. Nc3 dxe4 4. Nxe4 Nf6 5. Nxf6+ gxf6 6. c3 Qd5 7. Qb3 Nd7 8.
Nf3 Nb6 9. Be3 Rg8 10. Nd2 Be6 11. c4 Qa5 12. Rc1 Qa4 13. Qxa4 Nxa4 14. b3 Nb6
15. Ne4 Nd7 16. Rg1 Bf5 17. Bd3 e6 18. Ke2 Bxe4 19. Bxe4 f5 20. Bf3 Nf6 21. Bf4
Rd8 22. Rgd1 Ba3 23. Rc2 Ne4 24. g3 Ke7 25. Ke3 Nf6 26. h3 Bd6 27. Rcd2 Rd7 28.
Be5 Rgd8 29. Bg2 Ne8 30. Bxd6+ Rxd6 31. f4 Nf6 32. Bf3 Rg8 33. Rg1 h5 34. Rdg2
Rgd8 35. Rd1 R6d7 36. b4 a5 37. Rb2 Rg8 38. Rg1 Rgd8 39. bxa5 Ra8 40. Rgb1 Ra7
41. a6 Rxa6 42. Rxb7 Ra3+ 43. R1b3 Ra6 44. a3 Kd6 45. R7b6 Rda7 46. a4 Ne4 47.
Bxe4 fxe4 48. Kxe4 f5+ 49. Kd3 Rxa4 50. Rb8 Rg7 51. c5+ Ke7 52. R3b7+ Kf6 53.
Rxg7 Kxg7 54. Rb6 Ra3+ 55. Kc4 Rxg3 56. Rxc6 Rxh3 57. Rxe6 h4 58. c6 Rh1 59. Re3
h3 60. Kd5 h2 61. Rh3 Kf6 62. Kd6 Rd1 63. Rh6+ Kg7 64. Rxh2 Rxd4+ 65. Kc5 Rd1
66. Rc2 {Black resigns} 1-0

[Event "Team 45 45 League T52"]
[Site "Internet Chess Club"]
[Date "2012.02.19"]
[Round "1"]
[White "CS-Attila"]
[Black "SlimeDog2"]
[Result "0-1"]
[WhiteElo "1961"]
[BlackElo "2121"]
[Opening "Petrov: Nimzovich attack"]
[ECO "C42"]
[Time "20:32:22"]
[TimeControl "2700+45"]

1. e4 e5 2. Nf3 Nf6 3. Nxe5 d6 4. Nf3 Nxe4 5. Nc3 Nxc3 6. dxc3 Be7 7. Be3 Nc6 8.
Qd2 Be6 9. O-O-O Qd7 10. Kb1 a6 11. Bg5 f6 12. Bf4 O-O-O 13. Nd4 Nxd4 14. cxd4
d5 15. Qa5 Bd6 16. Bxd6 Qxd6 17. Bd3 Rde8 18. Rhe1 Qxh2 19. Rxe6 Rxe6 20. Bf5
Qd6 21. Qa3 Kd7 22. Re1 Qxa3 23. Bxe6+ Kd6 24. Bf5 g6 25. Re6+ Kd7 26. bxa3 gxf5
27. Rxf6 Rg8 28. g3 Rg4 29. c3 f4 30. Rf7+ Kc6 31. Rxh7 fxg3 32. fxg3 Rxg3 33.
Kb2 a5 34. Kb3 b5 35. Rh6+ Kb7 36. Rh2 Kb6 37. Rh6+ c6 38. Rh2 Rg1 39. Rf2 Rb1+
40. Kc2 Ra1 41. Kb2 Rh1 42. Kb3 Rh3 43. Re2 c5 44. Re6+ Kc7 45. dxc5 d4 46. Re7+
Kc6 47. Re6+ Kxc5 48. Re5+ Kc6 49. a4 b4 50. Rxa5 bxc3 51. Rg5 Rh2 52. Kc4 c2
53. Rg1 Rd2 54. Rc1 d3 55. Kb3 Rd1 56. Kb2 Kc5 57. a3 Kc4 58. a5 Rxc1 59. Kxc1
Kc3 {White resigns} 0-1

[Event "Team 45 45 League T52"]
[Site "Internet Chess Club"]
[Date "2012.02.17"]
[Round "1"]
[White "Epcot"]
[Black "smartactics"]
[Result "1-0"]
[WhiteElo "1969"]
[BlackElo "1976"]
[Opening "Benoni: fianchetto variation"]
[ECO "A62"]
[Time "21:52:45"]
[TimeControl "2700+45"]

1. d4 Nf6 2. c4 c5 3. d5 e6 4. Nc3 exd5 5. cxd5 d6 6. g3 g6 7. Bg2 Bg7 8. Nf3
O-O 9. O-O Bf5 10. Nd2 Qd7 11. a4 Bh3 12. Nc4 Bxg2 13. Kxg2 Nh5 14. Ne4 Rd8 15.
Nexd6 Bf8 16. Nb5 Na6 17. Nc3 Nb4 18. e4 Bg7 19. Be3 b6 20. Qd2 Re8 21. f3 Rad8
22. Rad1 f5 23. Bg5 fxe4 24. Bxd8 exf3+ 25. Rxf3 Rxd8 26. d6 Nc6 27. Qd5+ Kh8
28. Rf7 Qg4 29. Ne3 Qc8 30. Rc7 {Black resigns} 1-0

[Event "Team 45 45 League T52"]
[Site "Internet Chess Club"]
[Date "2012.02.19"]
[Round "1"]
[White "chiiwen"]
[Black "gareth"]
[Result "1/2-1/2"]
[WhiteElo "2190"]
[BlackElo "2099"]
[Opening "French: Tarrasch, closed variation, main line"]
[ECO "C06"]
[Time "21:00:29"]
[TimeControl "2700+45"]

1. e4 e6 2. d4 d5 3. Nd2 Nf6 4. e5 Nfd7 5. c3 c5 6. Bd3 Nc6 7. Ne2 cxd4 8. cxd4
f6 9. exf6 Nxf6 10. O-O Bd6 11. Nf3 Qc7 12. Bd2 O-O 13. Rc1 Qb8 14. Ng3 Bd7 15.
Re1 Qd8 16. Bb1 Qb6 17. Bc3 Bf4 18. Rc2 Rac8 19. Rce2 Bh6 20. a3 Rf7 21. Ne5
Nxe5 22. dxe5 Ne8 23. Bd4 Qa5 24. Rc2 Nc7 25. Rc5 Qd2 26. Qxd2 Bxd2 27. Rd1 b6
28. Rc2 Bh6 29. b3 Rff8 30. Ne2 Bb5 31. Bb2 Bxe2 32. Rxe2 Nb5 33. Rc2 Rxc2 34.
Bxc2 Rc8 35. Bd3 Nc3 36. Re1 Bd2 37. Ra1 h6 38. Kf1 d4 39. Bc4 Kf7 40. a4 Rc5
41. Ba3 Rxe5 42. Bd6 Rg5 43. Bb8 a5 44. Bc7 Nd5 45. Bxd5 Rxd5 46. Bxb6 Bc3 47.
Rd1 e5 48. Ke2 Ke6 49. Kd3 Rd6 50. Bc5 Rc6 51. Bf8 Rc7 52. Ba3 Kd5 53. f3 g5 54.
h3 h5 55. Rh1 Rf7 56. Rh2 Rb7 57. Kc2 Rc7 58. Kd3 Bb4 59. Bb2 Bc3 60. Ba3 {Game
drawn by mutual agreement} 1/2-1/2

[Event "Team 45 45 League T52"]
[Site "Internet Chess Club"]
[Date "2012.02.19"]
[Round "1"]
[White "VillaBallester"]
[Black "shyguy"]
[Result "1/2-1/2"]
[WhiteElo "2062"]
[BlackElo "2214"]
[Opening "Scandinavian (center counter) defense"]
[ECO "B01"]
[Time "13:00:21"]
[TimeControl "2700+45"]

1. e4 d5 2. exd5 Qxd5 3. Nc3 Qa5 4. d4 Nf6 5. Nf3 c6 6. Bc4 Bf5 7. O-O e6 8. Re1
Nbd7 9. Bf4 Bb4 10. Bd2 O-O 11. a3 Bxc3 12. Bxc3 Qc7 13. Bd3 Bxd3 14. Qxd3 Rad8
15. Qe2 a5 16. Rad1 Nd5 17. Bd2 b5 18. Bg5 Rc8 19. Ne5 Nxe5 20. dxe5 c5 21. Rd3
Ne7 22. Rh3 h6 23. Bf6 Qb7 24. Qh5 Ng6 25. g3 Rfe8 26. Bxg7 Kxg7 27. Qxh6+ Kg8
28. Qh7+ Kf8 29. Qh6+ Kg8 30. Qh7+ Kf8 31. Qh6+ {Game drawn by mutual agreement}
1/2-1/2